 Dungeon Crawl Stone Soup version 0.22.1-2-g9c5b331383 (webtiles) character file.

156214 Gargoyl the Corrupter of Planes (level 17, -8/131 HPs)
             Began as a Centaur Abyssal Knight on Dec 9, 2018.
             Was the Champion of Lugonu.
             Splashed by a deep elf sorcerer's acid (14 damage)
             ... on level 2 of the Elven Halls.
             The game lasted 01:17:34 (41354 turns).

Gargoyl the Corrupter of Planes (CeAK)             Turns: 41354, Time: 01:17:35

Health: -8/131     AC: 35    Str: 29    XL:     17   Next: 10%
Magic:  21/28      EV:  4    Int: 11    God:    Lugonu [******]
Gold:   403        SH: 12    Dex: 12    Spells: 16/16 levels left

rFire    + . .     SeeInvis +   a - +6 hand axe (drain)
rCold    + + .     Gourm    .   b - +0 shield {reflect}
rNeg     + . .     Faith    .   Z - +4 crystal plate armour of Maka {+Blink rF+ rC+}
rPois    +         Spirit   .   d - +2 helmet {SInv}
rElec    +         Reflect  +   J - +1 cloak {rPois}
rCorr    .         Harm     .   (no gloves)
MR       +....                  R - +1 centaur barding {rC+}
Stlth    ..........             S - amulet of regeneration
HPRegen  0.71/turn              e - ring "Qely" {rElec Str+4 SInv}
MPRegen  0.21/turn              w - ring "Afumujegh" {rN+ Str+4}

@: drained, very quick
A: large, hooves 3, deformed body, speed 2, frail 1, shaggy fur 1, strong 1,
tough skin 3
a: Depart the Abyss, Bend Space, Banish, Corrupt, Enter the Abyss, Brand Weapon
With Distortion, Renounce Religion, Evoke Blink


You were on level 2 of the Elven Halls.
You worshipped Lugonu.
Lugonu was exalted by your worship.
You were hungry.

You visited 6 branches of the dungeon, and saw 27 of its levels.
You visited the Abyss 4 times.

You collected 3022 gold pieces.
You spent 2619 gold pieces at shops.

Inventory:

Hand Weapons
 a - a +6 hand axe of draining (weapon)
 i - a +1 hand axe of flaming
 s - a +3 war axe
 u - a +3 war axe of chopping
Missiles
 K - 28 tomahawks (quivered)
Armour
 b - a +0 shield of reflection (worn)
 d - a +2 helmet of see invisible (worn)
 x - the +0 shield of Tanostryu {-Tele rElec rC+}
   (You found it on level 6 of the Dungeon)

   It protects you from cold.
   It insulates you from electricity.
   It prevents most forms of teleportation.
 J - a +1 cloak of poison resistance (worn)
 R - a +1 centaur barding of cold resistance (worn)
 Z - the +4 crystal plate armour of Maka (worn) {+Blink rF+ rC+}
   (You bought it in a shop on level 12 of the Dungeon)

   It protects you from fire.
   It protects you from cold.
   It lets you blink.
Jewellery
 e - the ring "Qely" (left hand) {rElec Str+4 SInv}
   (You bought it in a shop on level 2 of the Orcish Mines)

   [ring of strength]

   It affects your strength (+4).
   It insulates you from electricity.
   It lets you see invisible.
 m - a +3 ring of dexterity
 r - an uncursed ring of positive energy
 w - the ring "Afumujegh" (right hand) {rN+ Str+4}
   (You found it on level 1 of the Elven Halls)

   [ring of positive energy]

   It affects your strength (+4).
   It protects you from negative energy.
 z - an uncursed ring of resist corrosion
 D - a +6 ring of strength
 F - an uncursed ring of fire {unknown}
 M - an uncursed ring of protection from cold
 O - an uncursed ring of wizardry {unknown}
 S - an amulet of regeneration (around neck)
Wands
 j - a wand of clouds (4)
 q - a wand of acid (13)
 v - a wand of random effects (32)
Scrolls
 g - 10 scrolls of remove curse
 h - a scroll of magic mapping
 k - a scroll of amnesia
 l - 9 scrolls of teleportation
 A - 5 scrolls of fear
 V - 2 scrolls of identify
Potions
 f - 5 potions of invisibility
 n - 6 potions of curing
 o - 2 potions of magic
 p - 4 potions of flight
 t - 6 potions of haste
 C - 4 potions of ambrosia
 E - a potion of heal wounds
 G - a potion of might
 H - 2 potions of resistance
 N - 2 potions of agility
 Y - 2 potions of brilliance {unknown}
Miscellaneous
 L - 2 sacks of spiders
 T - a lightning rod (4/4)
Comestibles
 c - 27 rations


   Skills:
 + Level 11.7(10.9) Fighting
 + Level 14.1(13.4) Axes
 + Level 1.6(1.0) Throwing
 * Level 12.6(11.8) Armour
 + Level 5.9(5.3) Dodging
 + Level 8.7(8.1) Shields
 * Level 14.7(13.9) Invocations
 + Level 0.3(0.0) Evocations


You had 16 spell levels left.
You didn't know any spells.
Your spell library contained the following spells:

 Spells                   Type           Power        Failure   Level  Hunger
 Beastly Appendage        Tmut           #.....       100%        1    ##.....
 Confusing Touch          Hex            #.....       100%        1    ##.....
 Corona                   Hex            #......      100%        1    ##.....
 Flame Tongue             Conj/Fire      #....        100%        1    ##.....
 Magic Dart               Conj           #...         100%        1    ##.....
 Shock                    Conj/Air       #...         100%        1    ##.....
 Summon Butterflies       Summ           #.......     100%        1    ##.....
 Ensorcelled Hibernation  Hex/Ice        #.....       100%        2    ###....
 Poisonous Vapours        Pois/Air       #.....       100%        2    ###....
 Searing Ray              Conj           #.....       100%        2    ###....
 Sticks to Snakes         Tmut           #.......     100%        2    ###....
 Swiftness                Chrm/Air       #.......     100%        2    ###....
 Throw Flame              Conj/Fire      #.....       100%        2    ###....
 Throw Frost              Conj/Ice       #.....       100%        2    ###....
 Call Canine Familiar     Summ           #.......     100%        3    ####...
 Confuse                  Hex            #.......     100%        3    ####...
 Conjure Flame            Conj/Fire      #.......     100%        3    ####...
 Dazzling Spray           Conj/Hex       #.....       100%        3    ####...
 Gell's Gravitas          Tloc           #.........   100%        3    ####...
 Inner Flame              Hex/Fire       #.......     100%        3    ####...
 Spider Form              Tmut/Pois      #.........   100%        3    ####...
 Static Discharge         Conj/Air       #.......     100%        3    ####...
 Tukima's Dance           Hex            #.......     100%        3    ####...
 Airstrike                Air            #.........   100%        4    #####..
 Force Lance              Conj/Tloc      #.......     100%        4    #####..
 Fulminant Prism          Conj/Hex       #.........   100%        4    #####..
 Ice Form                 Ice/Tmut       #.......     100%        4    #####..
 Iskenderun's Mystic Bla  Conj           #.......     100%        4    #####..
 Petrify                  Tmut/Erth      #.......     100%        4    #####..
 Sticky Flame             Conj/Fire      #.......     100%        4    #####..
 Summon Ice Beast         Ice/Summ       #.......     100%        4    #####..
 Blade Hands              Tmut           #.........   100%        5    ######.
 Bolt of Magma            Conj/Fire/Erth #.........   100%        5    ######.
 Fireball                 Conj/Fire      #.........   100%        5    ######.
 Iskenderun's Battlesphe  Conj/Chrm      #.......     100%        5    ######.
 Lightning Bolt           Conj/Air       #.........   100%        5    ######.
 Metabolic Englaciation   Hex/Ice        #.........   100%        5    ######.
 Summon Mana Viper        Hex/Summ       #.......     100%        5    ######.
 Venom Bolt               Conj/Pois      #.........   100%        5    ######.
 Yara's Violent Unravell  Hex/Tmut       #.........   100%        5    ######.
 Bolt of Fire             Conj/Fire      #.........   100%        6    #######
 Freezing Cloud           Conj/Ice/Air   #.........   100%        6    #######
 Iron Shot                Conj/Erth      #.........   100%        6    #######
 Orb of Destruction       Conj           #.........   100%        7    #######
 Spellforged Servitor     Conj/Summ      #.........   100%        7    #######
 Summon Hydra             Summ           #.........   100%        7    #######


Dungeon Overview and Level Annotations

Branches:
Dungeon (15/15)            Temple (0/1) D:5            Lair (6/6) D:8
 Shoals (1/4) Lair:3       Spider (1/4) Lair:2        Slime (0/5) Lair:6
    Orc (2/2) D:9             Elf (2/3) Orc:2        Vaults (0/5) D:13
 Depths (0/5) D:15

Altars:
Cheibriados
Elyvilon
Kikubaaqudgha
Makhleb
Okawaru
Qazlal
Ru
Sif Muna
Trog
Uskayaw
Vehumet
Yredelemnul
The Shining One
Lugonu

Shops:
D:6 }   D:11 *   D:12 [   D:14 !   Orc:1 %   Orc:2 [(*!=

Portals:
Hell: Lair:6
Bazaar: D:15


Innate Abilities, Weirdness & Mutations

You have hooves in place of feet.
Armour fits poorly on your strangely shaped body.
You cover ground very quickly.
You have extremely tough skin. (AC +3)
You are frail. (-10% HP)
You are covered in fur. (AC +1)
Your muscles are strong. (Str +2)


Message History

You kill the deep elf mage!
Lugonu accepts your kill.
You hit the earth elemental but do no damage.
You block the earth elemental's attack.
The deep elf archer shoots an arrow.
You reflect the arrow off your +0 shield of reflection!
The arrow is repelled.
Press: ? - help, Shift-Dir - straight line, f - deep elf sorcerer
Aim: a deep elf sorcerer, wielding a long sword (chance to defeat MR: 14%)
The deep elf sorcerer resists with almost no effort.
You feel somewhat more hungry.
The deep elf archer shoots an arrow.
The arrow hits you!!
* * * LOW HITPOINT WARNING * * *
The earth elemental hits you but does no damage.
Unknown command.
You feel much better.
The deep elf sorcerer points at you and mumbles some strange words.
The bolt of acid hits you!
* * * LOW HITPOINT WARNING * * *
You are splashed with acid!
The acid burns!
You die...

................
................
.............(..#
.....ยง..........#
................#
.!..............#..
.....(..))(.....#..
.......(@.(..e.....
!......E..(.......#
..........e......##
.......$e.........#
........(...)...#.
...(...)((.)...(#
.......<..).....#
..........(....(#
#################


You could see a deep elf sorcerer, 2 deep elf archers and an earth elemental.

Vanquished Creatures
  A tentacled starspawn (Abyss:1)
  A sphinx (D:12)
  Gastronok (D:11)
  Donald (Orc:1)
  A balrug (Abyss:2)
  An emperor scorpion (D:14)
  Nessos (Lair:6)
  A dire elephant (D:13)
  Snorg (D:11)
  Josephine (D:15)
  An ice dragon (D:10)
  15 hydras
  5 ogre magi
  2 vault guards (D:13)
  5 centaur warriors
  3 merfolk aquamancers
  A merfolk avatar (Shoals:1)
  A hell beast (Lair:6)
  Erolcha (Orc:2)
  15 two-headed ogres
  4 dancing weapons
  A deep troll earth mage (D:12)
  3 death yaks
  An orc high priest (Orc:1)
  4 deep elf knights
  5 skeletal warriors (D:14)
  5 sea snakes (Shoals:1)
  2 unseen horrors
  10 deep elf archers
  4 harpies (Shoals:1)
  4 wizards
  A lindwurm (Lair:3)
  2 orc knights (Orc:1)
  22 deep elf magi
  A necromancer (D:13)
  3 fauns (Shoals:1)
  3 orc sorcerers
  4 cyclopes
  An ugly thing (D:10)
  An orb spider (Spider:1)
  7 manticores
  4 elephants (Lair:5)
  Maurice (D:9)
  A centaur zombie (D:15)
  Joseph (D:7)
  An orange demon (Lair:6)
  3 water nymphs (Shoals:1)
  4 black mambas
  3 merfolk sirens (Shoals:1)
  16 spiny frogs
  2 gargoyles
  A yaktaur (D:13)
  9 rime drakes
  12 komodo dragons
  3 ice devils (Lair:6)
  8 merfolk (Shoals:1)
  A troll (shapeshifter) (D:15)
  6 trolls
  A red devil (Lair:6)
  A hellwing (Lair:6)
  11 jumping spiders
  5 meliai
  A queen bee (Lair:5)
  A polar bear (Lair:5)
  Grinder (D:5)
  A hornet (D:11)
  19 hippogriffs
  9 slime creatures
  The ghost of Knicklaso the Sneak, an amateur MfAE (D:3)
  18 blink frogs
  7 dream sheep
  A spriggan (D:11)
  10 redbacks
  2 air elementals (Elf:1)
  9 water elementals
  A ynoxinul (Abyss:1)
  4 wraiths
  2 vampires
  6 wyverns
  Eustachio (D:4)
  A large abomination (Abyss:2)
  Grum (D:9)
  39 yaks
  A fire elemental (Elf:2)
  5 basilisks
  20 humans
  A steam dragon (D:10)
  A neqoxec (Abyss:1)
  7 hungry ghosts
  A small abomination (Abyss:1)
  3 wargs
  18 water moccasins
  2 acid dragons
  A water moccasin (shapeshifter) (D:13)
  5 hell hounds (Lair:6)
  12 porcupines
  A black bear (D:6)
  4 sky beasts
  21 orc warriors
  3 phantoms
  A meliai simulacrum (D:11)
  5 ice beasts
  A black bear (shapeshifter) (Elf:1)
  An eye of draining (shapeshifter) (D:14)
  4 necrophages
  4 wolves (D:9)
  7 centaurs
  34 ogres
  16 crocodiles
  15 bullfrogs
  2 big kobolds
  2 wyvern zombies
  An earth elemental (Elf:1)
  A water moccasin zombie (D:9)
  3 scorpions
  49 killer bees
  6 wights
  2 howler monkeys (D:9)
  An electric eel (Lair:3)
  14 crimson imps
  3 quasits
  3 jellies
  17 orc priests
  12 hounds
  4 bullfrog skeletons
  19 orc wizards
  3 centaur skeletons
  7 iguanas
  Terence (D:2)
  7 worker ants
  2 hound skeletons
  A hound zombie (D:7)
  2 worker ant zombies
  4 gnolls (D:7)
  A river rat (Lair:5)
  19 adders
  5 shadow imps
  An ooze (D:1)
  An adder skeleton (D:6)
  2 dart slugs
  7 leopard geckos
  87 orcs
  2 ball pythons
  5 giant cockroaches
  11 goblins
  11 hobgoblins
  6 jackals
  7 quokkas
  5 bats
  11 kobolds
  2 quokka zombies
  9 rats
  2 fungi
930 creatures vanquished.

Vanquished Creatures (collateral kills)
  The ghost of Marnok the Carver, a journeyman HOFi (Lair:1)
1 creature vanquished.

Vanquished Creatures (others)
  A deep elf mage (Elf:2)
  5 oklob plants
  A meliai (Lair:5)
  2 dream sheep (Lair:3)
  A wyvern (Lair:3)
  An orc warrior (Elf:1)
  A killer bee (D:7)
  A crimson imp (D:13)
  2 orc wizards
  4 orcs (Elf:1)
  A kobold (D:11)
  A bush (Lair:4)
  11 fungi
  4 plants
  6 starspawn tentacles (Abyss:1)
42 creatures vanquished.

Grand Total: 973 creatures vanquished

Notes
Turn   | Place    | Note
-------+----------+-------------------------------------------
     0 | Abyss:1  | Gargoyl the Centaur Abyssal Knight began the quest for the
                  | Orb.
     0 | Abyss:1  | Reached XP level 1. HP: 19/19 MP: 2/2
    70 | Abyss:2  | Noticed a large abomination
   103 | Abyss:3  | Noticed a wretched star
   106 | Abyss:3  | Noticed a large abomination
   109 | D:1      | Escaped the Abyss
   355 | D:1      | Reached XP level 2. HP: 20/20 MP: 3/3
   497 | D:1      | Reached * piety under Lugonu
  1006 | D:2      | Reached XP level 3. HP: 13/24 MP: 4/4
  1228 | D:2      | Noticed Terence
  1257 | D:1      | Reached XP level 4. HP: 30/34 MP: 5/5
  1306 | D:2      | Killed Terence
  2075 | D:2      | Reached XP level 5. HP: 33/40 MP: 7/7
  2089 | D:2      | Reached skill level 1 in Dodging
  2308 | D:3      | Found a transporter.
  2308 | D:3      | Noticed Knicklaso's ghost (amateur MfAE)
  2314 | D:3      | Reached ** piety under Lugonu
  2401 | D:3      | Found a stormy altar of Qazlal.
  2404 | D:3      | Noticed a water elemental
  2405 | D:3      | Noticed a fire elemental
  2405 | D:3      | Noticed an air elemental
  2793 | D:3      | Found a transporter.
  3255 | D:3      | Reached XP level 6. HP: 51/52 MP: 8/8
  3482 | D:3      | Killed Knicklaso's ghost
  3676 | D:4      | Reached XP level 7. HP: 36/59 MP: 9/9
  4314 | D:4      | Found a glowing golden altar of the Shining One.
  4390 | D:4      | Noticed Eustachio
  4682 | D:4      | Gained mutation: You are clumsy. (Dex -2) [potion of
                  | mutation]
  4682 | D:4      | Gained mutation: You have sharp fingernails. [potion of
                  | mutation]
  4682 | D:4      | Gained mutation: Your spells are a little harder to cast,
                  | but a little more powerful. [potion of mutation]
  5488 | D:4      | Killed Eustachio
  5651 | D:5      | Entered Level 5 of the Dungeon
  5702 | D:5      | Noticed Grinder
  5707 | D:5      | Paralysed by Grinder for 4 turns
  5719 | D:5      | Paralysed by Grinder for 6 turns
  5729 | D:5      | Paralysed by Grinder for 2 turns
  5730 | D:5      | HP: 2/60 [Grinder (5)]
  5732 | D:5      | Killed Grinder
  5732 | D:5      | Reached XP level 8. HP: 15/67 MP: 11/11
  6093 | D:5      | Found a staircase to the Ecumenical Temple.
  6122 | D:5      | Reached *** piety under Lugonu
  6122 | D:5      | Reached skill level 5 in Armour
  6721 | D:5      | Reached skill level 5 in Invocations
  6979 | D:5      | Lost mutation: You are clumsy. (Dex -2) [potion of
                  | mutation]
  6979 | D:5      | Lost mutation: Your spells are a little harder to cast, but
                  | a little more powerful. [potion of mutation]
  6979 | D:5      | Gained mutation: Your muscles are strong. (Str +2) [potion
                  | of mutation]
  6979 | D:5      | Lost mutation: Your muscles are strong. (Str +2) [potion of
                  | mutation]
  6979 | D:5      | Gained mutation: You are partially covered in large bone
                  | plates. (SH +4) [potion of mutation]
  7168 | D:6      | Reached skill level 5 in Axes
  7492 | D:6      | Got a smoking shield
  7506 | D:6      | Identified the cursed +0 shield of Tanostryu {-Tele rElec
                  | rC+} (You found it on level 6 of the Dungeon)
  7617 | D:6      | Noticed a hand axe
  7618 | D:6      | Found a hide-covered altar of Uskayaw.
  7618 | D:6      | Noticed a hand axe
  7908 | D:6      | Found a snail-covered altar of Cheibriados.
  8207 | D:6      | Found Qoony's Gadget Boutique.
  8353 | D:6      | Reached XP level 9. HP: 46/73 MP: 13/13
  8805 | D:7      | Noticed Joseph
  8916 | D:6      | Reached skill level 5 in Fighting
  8916 | D:6      | Reached skill level 1 in Shields
  9033 | D:7      | Killed Joseph
  9273 | D:7      | Reached **** piety under Lugonu
 10280 | D:7      | Found a basalt altar of Yredelemnul.
 10340 | D:7      | Found a white marble altar of Elyvilon.
 10343 | D:7      | Found an ancient bone altar of Kikubaaqudgha.
 10863 | D:8      | Reached XP level 10. HP: 74/83 MP: 15/15
 11063 | D:8      | Found an iron altar of Okawaru.
 11064 | D:8      | Noticed a two-headed ogre
 11074 | D:8      | Killed a two-headed ogre
 11690 | D:8      | Found a staircase to the Lair.
 11815 | D:8      | Found a deep blue altar of Sif Muna.
 11815 | D:8      | Found a bloodstained altar of Trog.
 12089 | D:9      | Noticed Grum
 12484 | D:9      | Killed Grum
 12607 | D:9      | Noticed Maurice
 12626 | D:9      | Killed Maurice
 13072 | D:9      | Reached ***** piety under Lugonu
 13230 | D:9      | Found a staircase to the Orcish Mines.
 13538 | Lair:1   | Entered Level 1 of the Lair of Beasts
 13559 | Lair:1   | Reached XP level 11. HP: 79/91 MP: 16/16
 13770 | Lair:1   | Found a runed door.
 13991 | Lair:1   | Noticed Marnok's ghost (journeyman HOFi)
 14257 | Lair:1   | Killed Marnok's ghost
 15373 | Lair:2   | Found a hole to the Spider Nest.
 16972 | Lair:3   | Reached XP level 12. HP: 58/101 MP: 18/18
 17188 | Lair:3   | Found a glowing golden altar of the Shining One.
 17638 | Lair:3   | Found a staircase to the Shoals.
 17830 | Lair:3   | Reached skill level 10 in Axes
 18068 | Lair:4   | Noticed a six-headed hydra
 18397 | Lair:3   | Killed a one-headed hydra
 18903 | Lair:4   | Reached skill level 10 in Invocations
 19281 | Lair:4   | Noticed a seven-headed hydra
 19299 | Lair:4   | Killed a one-headed hydra
 19977 | Lair:4   | Noticed a death yak
 19995 | Lair:4   | Noticed a death yak
 19997 | Lair:4   | Noticed a death yak
 20001 | Lair:4   | Killed a death yak
 20023 | Lair:3   | Killed a death yak
 20231 | Lair:4   | Killed a death yak
 20480 | Lair:4   | Reached XP level 13. HP: 87/108 MP: 21/21
 20935 | Lair:4   | Reached skill level 1 in Throwing
 23083 | Lair:5   | Reached skill level 10 in Armour
 23101 | Lair:5   | Reached skill level 5 in Dodging
 24157 | Lair:4   | Reached skill level 5 in Shields
 24878 | Lair:6   | Entered Level 6 of the Lair of Beasts
 25192 | Lair:6   | Reached XP level 14. HP: 118/118 MP: 22/22
 25524 | Lair:6   | Reached ****** piety under Lugonu
 25812 | Lair:6   | Found a staircase to the Slime Pits.
 26999 | Lair:6   | Found a burning altar of Makhleb.
 27772 | Lair:6   | Noticed Nessos
 27814 | Lair:6   | Killed Nessos
 28105 | Lair:6   | Found a gateway to Hell.
 28559 | D:10     | Entered Level 10 of the Dungeon
 28976 | Abyss:1  | Noticed a tentacled starspawn
 29013 | Abyss:1  | Killed a tentacled starspawn
 29039 | D:10     | Escaped the Abyss
 29752 | D:10     | Identified the Collected Works on Attacks and Snow
 30568 | D:11     | Noticed Gastronok
 30585 | D:11     | Killed Gastronok
 30885 | D:11     | Found Tyffeh's General Store.
 30886 | D:11     | Noticed Snorg
 30923 | D:11     | Killed Snorg
 30923 | D:11     | Reached skill level 10 in Fighting
 31195 | D:11     | Bought a potion of curing for 42 gold pieces
 31195 | D:11     | Bought a scroll of enchant weapon for 105 gold pieces
 31412 | D:12     | Found Follibb's Armour Emporium.
 31960 | D:12     | Noticed a sphinx
 31981 | D:12     | Killed a sphinx
 31981 | D:12     | Reached XP level 15. HP: 78/125 MP: 24/24
 32286 | D:12     | Found a corrupted altar of Lugonu.
 32292 | D:12     | Identified the Collected Works on Ignition and Air
 32351 | D:12     | Got a slimy falchion
 32352 | D:12     | Identified the +8 falchion "Tiawi" {slice, rF+ SInv} (You
                  | found it on level 12 of the Dungeon)
 33093 | D:13     | Found a gate to the Vaults.
 33234 | D:12     | Bought the +4 crystal plate armour of Maka {+Blink rF+ rC+}
                  | for 1664 gold pieces
 33622 | D:14     | Found Zaolakei's Distillery.
 33961 | D:14     | Found a sacrificial altar of Ru.
 34508 | D:15     | Entered Level 15 of the Dungeon
 34540 | D:15     | Found a staircase to the Depths.
 35255 | D:15     | Found a gateway to a bazaar.
 35719 | D:15     | Noticed Josephine
 35728 | D:15     | Killed Josephine
 36096 | Orc:1    | Entered Level 1 of the Orcish Mines
 36399 | Orc:1    | Found Resuethro's Food Emporium.
 36544 | Orc:2    | Entered Level 2 of the Orcish Mines
 36565 | Orc:2    | Noticed Erolcha
 36571 | Orc:2    | Cast into level 1 of the Abyss (Erolcha)
 36572 | Abyss:1  | Found a corrupted altar of Lugonu.
 36622 | Abyss:1  | Noticed a tentacled monstrosity
 36623 | Orc:2    | Escaped the Abyss
 36633 | Orc:2    | Killed Erolcha
 36635 | Orc:2    | Found a staircase to the Elven Halls.
 36727 | Orc:2    | Noticed Donald
 36790 | Orc:1    | Killed Donald
 37377 | Orc:1    | Reached XP level 16. HP: 135/135 MP: 26/26
 37595 | Orc:2    | Paralysed by an ogre mage for 3 turns
 37731 | Orc:2    | Found Quujoen's Jewellery Boutique.
 37731 | Orc:2    | Found Uruxyoh's Distillery.
 37732 | Orc:2    | Found Qife Zea's Weapon Shop.
 37732 | Orc:2    | Found Vint's General Store.
 37750 | Orc:2    | Bought a potion of heal wounds for 65 gold pieces
 37750 | Orc:2    | Bought a potion of heal wounds for 65 gold pieces
 37751 | Orc:2    | Bought the ring "Qely" {rElec Str+4 SInv} for 678 gold
                  | pieces
 37791 | Orc:2    | Found Ydaph's Armour Shop.
 38001 | Spider:1 | Entered Level 1 of the Spider Nest
 38418 | Lair:2   | Lost mutation: You have sharp fingernails. [potion of
                  | mutation]
 38418 | Lair:2   | Lost mutation: You are partially covered in large bone
                  | plates. (SH +4) [potion of mutation]
 38418 | Lair:2   | Gained mutation: You are clumsy. (Dex -2) [potion of
                  | mutation]
 38418 | Lair:2   | Gained mutation: Your muscles are strong. (Str +2) [potion
                  | of mutation]
 38418 | Lair:2   | Gained mutation: You are robust. (+10% HP) [potion of
                  | mutation]
 38419 | Lair:2   | Lost mutation: You are robust. (+10% HP) [potion of
                  | mutation]
 38419 | Lair:2   | Lost mutation: You are clumsy. (Dex -2) [potion of
                  | mutation]
 38419 | Lair:2   | Gained mutation: You do not regenerate when monsters are
                  | visible. [potion of mutation]
 38419 | Lair:2   | Gained mutation: You are covered in fur. (AC +1) [potion of
                  | mutation]
 38419 | Lair:2   | Lost mutation: You do not regenerate when monsters are
                  | visible. [potion of mutation]
 38505 | Shoals:1 | Entered Level 1 of the Shoals
 38936 | Abyss:1  | Gained mutation: You are frail. (-10% HP) [a neqoxec]
 39060 | Shoals:1 | Escaped the Abyss
 39343 | Shoals:1 | HP: 5/123 [drowned by a water elemental (5)]
 40344 | Elf:1    | Entered Level 1 of the Elven Halls
 40383 | Elf:1    | Found a radiant altar of Vehumet.
 40794 | Elf:1    | Got a fine golden ring
 40795 | Elf:1    | Identified the ring "Afumujegh" {rN+ Str+4} (You found it
                  | on level 1 of the Elven Halls)
 41050 | Elf:1    | Reached XP level 17. HP: 49/130 MP: 27/27
 41202 | Elf:1    | Noticed an Ice Fiend
 41354 | Elf:2    | HP: 6/131 [deep elf sorcerer/bolt of acid (40)]
 41354 | Elf:2    | Splashed by a deep elf sorcerer's acid

Skill      XL: |  1  2  3  4  5  6  7  8  9 10 11 12 13 14 15 16 |
---------------+-------------------------------------------------+-----
Armour         | 2 3 4 5 6 7 8 9 10 11 12 | 12.6
Axes           | 2 3 4 5 6 8 9 10 11 12 13 14 | 14.1
Dodging        | 1 2 3 4 5 |  5.9
Invocations    | 3 4 5 6 7 9 10 11 12 13 14 | 14.7
Fighting       | 4 5 6 7 8 9 10 11 | 11.7
Shields        | 1 2 4 5 6 7 8 |  8.7
Throwing       | 1 |  1.6
Evocations     | |  0.3

Action                   |  1- 3 |  4- 6 |  7- 9 | 10-12 | 13-15 | 16-18 || total
-------------------------+-------+-------+-------+-------+-------+-------++-------
Melee: Hand axe          |    64 |   170 |   528 |   750 |  1871 |   605 ||  3988
       Kick              |    10 |    27 |   130 |   249 |   809 |   250 ||  1475
       Unarmed           |       |       |       |    18 |       |       ||    18
       War axe           |       |       |       |       |    10 |       ||    10
Throw: Tomahawk          |       |       |       |     7 |     9 |       ||    16
Invok: Depart the Abyss  |     1 |       |       |       |     2 |     1 ||     4
       Banish            |       |       |     1 |     6 |     3 |     4 ||    14
       Bend Space        |       |       |       |     2 |     4 |       ||     6
       Enter the Abyss   |       |       |       |       |     1 |     1 ||     2
Evoke: Wand              |       |       |     1 |     4 |     3 |     1 ||     9
       Sack of spiders   |       |       |       |     1 |       |       ||     1
  Use: Scroll            |     4 |     5 |    16 |    13 |    12 |     5 ||    55
       Potion            |     4 |     2 |     8 |     3 |     3 |     8 ||    28
 Stab: Confused          |       |       |       |     1 |       |       ||     1
       Distracted        |       |       |       |     3 |       |       ||     3
  Eat: Chunk             |       |     5 |    15 |    11 |    24 |     7 ||    62
       Ration            |       |       |     3 |     7 |    10 |     3 ||    23
Armor: Scale mail        |    52 |   188 |   361 |   555 |   736 |       ||  1892
       Skin              |       |       |       |     3 |       |       ||     3
       Crystal plate arm |       |       |       |       |   340 |   516 ||   856
Dodge: Dodged            |    36 |    86 |   296 |   381 |   604 |    93 ||  1496
Block: Other             |       |       |    65 |    86 |       |       ||   151
       Shield            |       |       |     2 |       |    39 |   423 ||   464
       Buckler           |       |       |       |   177 |   906 |       ||  1083
       Reflection        |       |       |       |       |     1 |    41 ||    42
